 Dungeon Crawl Stone Soup version 0.27-a0-1456-gf5a116941d (webtiles) character file.

Game seed: 8758803782826692358

35743 Kinoniko the Cleaver (level 13, -5/104 HPs)
             Began as a Gnoll Berserker on July 6, 2021.
             Was a High Priest of Trog.
             Slain by an elephant (14 damage)
             ... on level 5 of the Lair of Beasts.
             The game lasted 00:24:34 (18573 turns).

Kinoniko the Cleaver (Gnoll Berserker)             Turns: 18573, Time: 00:24:34

Health: -5/104     AC: 10    Str: 17    XL:     13   Next: 85%
Magic:  25/25      EV: 15    Int:  7    God:    Trog [*****.]
Gold:   923        SH: 11    Dex: 16    Spells: 29/29 levels left

rFire    . . .     SeeInvis +   g - +0 broad axe (vorpal)
rCold    . . .     Faith    .   u - +0 kite shield
rNeg     + . .     Spirit   .   D - +0 troll leather armour
rPois    .         Reflect  .   c - +0 helmet
rElec    .         Harm     .   y - +0 cloak
rCorr    .         Rampage  .   J - +0 pair of gloves
Will     .....                  (no boots)
Stlth    ++++......             (no amulet)
HPRegen  1.27/turn              H - ring of positive energy
MPRegen  0.19/turn              K - ring of see invisible

@: on berserk cooldown, slowed, very slow
A: fangs 1, strong nose, distributed training
a: Renounce Religion, Berserk, Trog's Hand, Brothers in Arms


You were on level 5 of the Lair of Beasts.
You worshipped Trog.
Trog was extremely pleased with you.
You visited 2 branches of the dungeon, and saw 17 of its levels.
You also visited: Bailey.

You collected 923 gold pieces.

Inventory:

Hand Weapons
 g - a +0 vorpal broad axe (weapon)
 j - a +4 flail of protection
 s - a +2 vorpal trident
 t - a +1 trident of freezing
 v - a +2 spear of venom
 x - the +7 Spriggan's Knife {stab, EV+4 Stlth+}
   (You found it on level 5 of the Dungeon)

   EV:        It affects your evasion (+4).
   Stlth:     It makes you more stealthy.
Missiles
 d - 2 throwing nets
 n - 52 poisoned darts (quivered)
Armour
 c - a +0 helmet (worn)
 h - a +2 leather armour of fire resistance
 u - a +0 kite shield (worn)
 y - a +0 cloak (worn)
 D - a +0 troll leather armour (worn)
 J - a +0 pair of gloves (worn)
Jewellery
 r - a ring of ice
 z - a ring of wizardry
 H - a ring of positive energy (left hand)
 K - a ring of see invisible (right hand)
Wands
 a - a wand of flame (60)
 f - a wand of iceblast (32)
 i - a wand of polymorph (4)
 l - a wand of charming (25)
 p - a wand of acid (23)
 A - a wand of digging (18)
Scrolls
 e - 3 scrolls of immolation
 w - 3 scrolls of torment
 B - 5 scrolls of teleportation
 G - 2 scrolls of vulnerability
 L - a scroll of identify
 M - 2 scrolls of fear
 S - a scroll of fog
 T - a scroll of magic mapping
Potions
 b - a potion of brilliance
 k - a potion of invisibility
 m - 5 potions of curing
 o - 2 potions of magic {unknown}
 q - 2 potions of degeneration
 C - a potion of resistance {unknown}
 E - 4 potions of berserk rage
 F - a potion of lignification {unknown}
 I - 2 potions of mutation {unknown}
 N - a potion of ambrosia {unknown}
 O - a potion of might {unknown}
 Q - a potion of haste {unknown}
 R - a potion of cancellation {unknown}
Miscellaneous
 P - a phantom mirror


   Skills:
 + Level 10.7 Fighting
 + Level 8.6 Short Blades
 + Level 8.6 Long Blades
 + Level 10.7 Axes
 + Level 8.6 Maces & Flails
 + Level 8.6 Polearms
 + Level 8.6 Staves
 + Level 8.6 Slings
 + Level 8.6 Bows
 + Level 8.6 Crossbows
 + Level 8.6 Throwing
 + Level 9.8 Armour
 + Level 9.8 Dodging
 + Level 8.6 Stealth
 + Level 8.6 Shields
 + Level 8.6 Unarmed Combat
 + Level 8.6 Spellcasting
 + Level 7.2 Conjurations
 + Level 7.2 Hexes
 + Level 7.2 Summonings
 + Level 7.2 Necromancy
 + Level 7.2 Translocations
 + Level 7.2 Transmutations
 + Level 7.2 Fire Magic
 + Level 7.2 Ice Magic
 + Level 7.2 Air Magic
 + Level 7.2 Earth Magic
 + Level 7.2 Poison Magic
 + Level 9.4 Invocations
 + Level 8.6 Evocations


You had 29 spell levels left.
You didn't know any spells.
Your spell library contained the following spells:

 Spells                   Type           Power      Damage    Failure   Level
 Dazzling Flash           Conj/Hex       26%        N/A       8%          3
 Iskenderun's Mystic Bla  Conj/Tloc      13%        2d5       26%         4
 Starburst                Conj/Fire      6%         8x6d4     99%         6


Dungeon Overview and Level Annotations

Branches:
Dungeon (12/15)            Temple (0/1) D:7            Lair (5/6) D:10
  Swamp (0/4) Lair:2       Spider (0/4) Lair:4          Orc (0/2) D:11
 Bailey (visited)
  Slime: Lair:5-6

Altars:
Fedhas
Okawaru

Annotations:
Lair:3 3 runed translucent doors, Lonelite's ghost, journeyman DECj; makewrite's ghost, journeyman MiMo


Innate Abilities, Weirdness & Mutations

You have very sharp teeth.
Your uncanny sense of smell can sniff out nearby items.
Your experience applies equally to all skills.


Message History

The elephant trunk-slaps you but does no damage.
Your iron troll bites the elephant.
Your iron troll claws the elephant!
The elephant dies!
Trog accepts your kill. Something appears at your feet!
You see here a +4 vorpal battleaxe.
Trog grants you a weapon! You block the elephant's attack.
The elephant trunk-slaps you but does no damage.
The elephant barely misses you.
The elephant trunk-slaps you but does no damage.
You block the elephant's attack. The elephant misses you.
The elephant tramples you.
* * * LOW HITPOINT WARNING * * *
You hold your ground!
The elephant barely misses you. The elephant tramples you!
* * * LOW HITPOINT WARNING * * *
You hold your ground!
You block the elephant's attack. The elephant misses you.
The elephant closely misses you.
Your iron troll bites the elephant.
Your iron troll claws the elephant! x2
The elephant tramples you but does no damage.
The elephant trunk-slaps you but does no damage.
You see here an elephant corpse.
Unknown command.
The elephant tramples your iron troll!
Your iron troll stumbles backwards!
Your iron troll bites the elephant but does no damage.
Your iron troll completely misses the elephant.
Your iron troll claws the elephant!!
The elephant tramples you but does no damage.
The elephant trunk-slaps you but does no damage.
The elephant tramples your iron troll!!
Your iron troll stumbles backwards!
There is a stone staircase leading up, spattered with blood here.
The elephant tramples you!
* * * LOW HITPOINT WARNING * * *
You hold your ground!
The elephant misses you.
Your iron troll bites the elephant!!
The elephant dies!
Trog accepts your kill. You block the blink frog's attack.
The elephant barely misses you. The elephant closely misses you.
The elephant tramples you!
You die...

..######.##.####
.................
P...............##
#...............#
#..............#
#P...†.........#
###...........#
#.....Y.....#
##...T@Y.....#
#....#F†)..#.#
###†###.####
#..Y#.#
#..†YYF+†.....#
#.............P#
#...⌠...+....[..#
#........#.......#
#......###........P


You could see 2 elephants, a blink frog (ally target) and a friendly iron troll
(summoned, berserk).

Vanquished Creatures
  4 hydras
  A catoblepas (Lair:4)
  2 two-headed ogres (D:12)
  2 death yaks (Lair:3)
  The ghost of Froggeryz the Slicer, a novice OpBe of Trog (D:9)
  Pikel (D:6)
  3 oklob plants (Lair:4)
  13 elephants
  2 manticores
  A torpor snail (Lair:3)
  8 cane toads
  Maggie (D:6)
  7 komodo dragons
  2 rime drakes
  4 trolls
  A tyrant leech (Lair:2)
  11 blink frogs
  7 dream sheep (Lair:4)
  Prince Ribbit (D:9)
  A raiju (D:10)
  A wraith (D:9)
  3 wyverns
  21 yaks
  Sigmund (D:5)
  3 basilisks
  2 humans
  A steam dragon (D:8)
  Edmund (D:6)
  A swamp worm (Lair:2)
  6 water moccasins
  2 hornet zombies
  5 orc warriors
  A sky beast (D:6)
  4 black bears
  2 ogres
  2 necrophages
  An ice beast (D:7)
  5 centaurs
  9 wolves
  A phantom (D:4)
  2 kobold brigands
  12 bullfrogs
  3 scorpions
  Blork the orc (D:6)
  2 gnoll sergeants
  9 killer bees (D:10)
  2 jellies (D:6)
  2 howler monkeys (D:4)
  4 bullfrog zombies
  6 centaur zombies
  4 hounds
  3 gnoll shamans
  A centaur skeleton (D:7)
  Crazy Yiuf (D:5)
  3 orc priests
  2 bullfrog skeletons
  Ijyb (D:3)
  Jessica (D:3)
  Terence (D:3)
  6 iguanas
  10 orc wizards
  A killer bee zombie (D:7)
  2 hound skeletons
  Robin (D:3)
  19 gnolls
  2 adders (D:4)
  A shadow imp (D:5)
  An ufetubus (D:6)
  A worm (D:2)
  4 dart slugs
  38 orcs
  5 ball pythons
  6 bats
  6 endoplasms
  5 giant cockroaches
  9 hobgoblins
  9 jackals
  19 kobolds
  4 quokkas
  3 frilled lizards
  21 goblins
  3 rats
  A bush (Lair:4)
382 creatures vanquished.

Vanquished Creatures (collateral kills)
  A hydra (Lair:4)
  2 elephants (Lair:5)
  A rime drake (Lair:4)
  A blink frog (Lair:5)
5 creatures vanquished.

Vanquished Creatures (others)
  3 orcs (D:11)
  14 fungi
  15 plants
  6 withered plants (Lair:3)
38 creatures vanquished.

Grand Total: 425 creatures vanquished

Notes
Turn   | Place    | Note
-------+----------+-------------------------------------------
     0 | D:1      | Kinoniko the Gnoll Berserker began the quest for the Orb.
     0 | D:1      | Reached XP level 1. HP: 23/23 MP: 1/1
   160 | D:1      | Reached XP level 2. HP: 29/29 MP: 2/2
   477 | D:1      | Reached XP level 3. HP: 35/35 MP: 3/3
   572 | D:1      | Found a faded altar of an unknown god.
   864 | D:1      | Reached skill level 1 in Invocations
  1135 | D:2      | Reached ** piety under Trog
  1146 | D:2      | Reached skill level 1 in Short Blades
  1146 | D:2      | Reached skill level 1 in Long Blades
  1146 | D:2      | Reached skill level 1 in Maces & Flails
  1146 | D:2      | Reached skill level 1 in Polearms
  1146 | D:2      | Reached skill level 1 in Staves
  1146 | D:2      | Reached skill level 1 in Slings
  1146 | D:2      | Reached skill level 1 in Bows
  1146 | D:2      | Reached skill level 1 in Crossbows
  1146 | D:2      | Reached skill level 1 in Throwing
  1146 | D:2      | Reached skill level 1 in Stealth
  1146 | D:2      | Reached skill level 1 in Shields
  1146 | D:2      | Reached skill level 1 in Unarmed Combat
  1146 | D:2      | Reached skill level 1 in Spellcasting
  1146 | D:2      | Reached skill level 1 in Evocations
  1407 | D:2      | Reached XP level 4. HP: 40/41 MP: 5/5
  1915 | D:3      | Noticed Jessica
  1920 | D:3      | Killed Jessica
  1921 | D:3      | Reached skill level 1 in Conjurations
  1921 | D:3      | Reached skill level 1 in Hexes
  1921 | D:3      | Reached skill level 1 in Summonings
  1921 | D:3      | Reached skill level 1 in Necromancy
  1921 | D:3      | Reached skill level 1 in Translocations
  1921 | D:3      | Reached skill level 1 in Transmutations
  1921 | D:3      | Reached skill level 1 in Fire Magic
  1921 | D:3      | Reached skill level 1 in Ice Magic
  1921 | D:3      | Reached skill level 1 in Air Magic
  1921 | D:3      | Reached skill level 1 in Earth Magic
  1921 | D:3      | Reached skill level 1 in Poison Magic
  2042 | D:3      | Reached XP level 5. HP: 46/47 MP: 5/7
  2209 | D:3      | Noticed Ijyb
  2210 | D:3      | Noticed Terence
  2217 | D:3      | Killed Ijyb
  2221 | D:3      | Killed Terence
  2858 | D:3      | Noticed Robin
  2870 | D:3      | Killed Robin
  3048 | D:3      | Reached *** piety under Trog
  3364 | D:4      | Reached XP level 6. HP: 53/53 MP: 8/8
  3449 | D:4      | Reached skill level 5 in Armour
  3449 | D:4      | Reached skill level 5 in Dodging
  3483 | D:4      | Noticed a necrophage
  3489 | D:4      | Killed a necrophage
  3534 | D:4      | Noticed an orc warrior
  3536 | D:4      | Reached XP level 7. HP: 26/59 MP: 10/10
  4523 | D:5      | Entered Level 5 of the Dungeon
  4537 | D:5      | Reached XP level 8. HP: 57/67 MP: 12/12
  4551 | D:5      | HP: 2/67 [poisoned by a gnoll]
  4934 | D:5      | Reached **** piety under Trog
  5269 | D:5      | Noticed Sigmund
  5279 | D:5      | Killed Sigmund
  5333 | D:5      | Found a runed translucent door.
  5334 | D:5      | Noticed Crazy Yiuf
  5511 | D:5      | Found the +7 Spriggan's Knife {stab, EV+4 Stlth+}
  6095 | D:5      | Reached XP level 9. HP: 62/72 MP: 14/14
  6225 | D:5      | Killed Crazy Yiuf
  7047 | D:6      | Noticed Blork the orc
  7056 | D:6      | Killed Blork the orc
  7113 | D:6      | Noticed Edmund
  7122 | D:6      | Killed Edmund
  7331 | D:6      | Noticed Maggie
  7333 | D:6      | Noticed Pikel
  7349 | D:6      | Killed Maggie
  7377 | D:6      | Killed Pikel
  7385 | D:6      | Reached skill level 5 in Invocations
  7944 | D:6      | Reached XP level 10. HP: 64/80 MP: 17/17
  8377 | D:7      | Found a staircase to the Ecumenical Temple.
  8628 | D:7      | Noticed a manticore
  8638 | D:7      | Killed a manticore
  8639 | D:7      | Reached skill level 5 in Short Blades
  8639 | D:7      | Reached skill level 5 in Long Blades
  8639 | D:7      | Reached skill level 5 in Maces & Flails
  8639 | D:7      | Reached skill level 5 in Polearms
  8639 | D:7      | Reached skill level 5 in Staves
  8639 | D:7      | Reached skill level 5 in Slings
  8639 | D:7      | Reached skill level 5 in Bows
  8639 | D:7      | Reached skill level 5 in Crossbows
  8639 | D:7      | Reached skill level 5 in Throwing
  8639 | D:7      | Reached skill level 5 in Stealth
  8639 | D:7      | Reached skill level 5 in Shields
  8639 | D:7      | Reached skill level 5 in Unarmed Combat
  8639 | D:7      | Reached skill level 5 in Spellcasting
  8639 | D:7      | Reached skill level 5 in Evocations
  9718 | D:8      | Noticed Maurice
  9739 | D:8      | Noticed Maurice
  9750 | D:8      | Killed Maurice the wolf
 10197 | D:9      | Found a flagged portal.
 10212 | Bailey   | Entered a bailey
 10212 | Bailey   | Noticed an orc knight
 10765 | D:9      | Reached ***** piety under Trog
 10979 | D:9      | Noticed Prince Ribbit
 10983 | D:9      | Killed Prince Ribbit
 11122 | D:9      | You fall into a shaft and drop 3 floors!
 11295 | D:12     | Noticed a two-headed ogre
 11310 | D:12     | Killed a two-headed ogre
 11311 | D:12     | Reached XP level 11. HP: 61/87 MP: 19/19
 11428 | D:12     | Noticed a manticore
 11435 | D:12     | Killed a manticore
 11610 | D:12     | Noticed a two-headed ogre
 11622 | D:12     | Killed a two-headed ogre
 11623 | D:12     | Reached skill level 5 in Conjurations
 11623 | D:12     | Reached skill level 5 in Hexes
 11623 | D:12     | Reached skill level 5 in Summonings
 11623 | D:12     | Reached skill level 5 in Necromancy
 11623 | D:12     | Reached skill level 5 in Translocations
 11623 | D:12     | Reached skill level 5 in Transmutations
 11623 | D:12     | Reached skill level 5 in Fire Magic
 11623 | D:12     | Reached skill level 5 in Ice Magic
 11623 | D:12     | Reached skill level 5 in Air Magic
 11623 | D:12     | Reached skill level 5 in Earth Magic
 11623 | D:12     | Reached skill level 5 in Poison Magic
 12113 | D:10     | Entered Level 10 of the Dungeon
 12236 | D:10     | Found an iron altar of Okawaru.
 12755 | D:10     | Found a staircase to the Lair.
 12940 | D:9      | Noticed Froggeryz's ghost (novice OpBe)
 12943 | D:9      | Found a runed translucent door.
 13051 | D:9      | Received a gift from Trog
 13336 | D:9      | Killed Froggeryz's ghost
 13988 | Lair:1   | Entered Level 1 of the Lair of Beasts
 14048 | Lair:1   | Noticed a six-headed hydra
 14048 | Lair:1   | Noticed a four-headed hydra
 14058 | Lair:1   | Killed a six-headed hydra
 14065 | Lair:1   | Killed a four-headed hydra
 14225 | Lair:1   | Reached XP level 12. HP: 96/96 MP: 22/22
 14849 | Lair:2   | Found a staircase to the Swamp.
 15271 | Lair:2   | Noticed a seven-headed hydra
 15285 | Lair:2   | Killed a seven-headed hydra
 15297 | Lair:2   | HP: 1/97 [komodo dragon (17)]
 15531 | Lair:2   | Reached skill level 10 in Fighting
 15531 | Lair:2   | Reached skill level 10 in Axes
 15776 | Lair:3   | Reached XP level 13. HP: 26/103 MP: 24/24
 16255 | Lair:3   | Found a runed translucent gate.
 16263 | Lair:3   | Found a runed translucent gate.
 16264 | Lair:3   | Noticed makewrite's ghost (journeyman MiMo)
 16265 | Lair:3   | Found a runed translucent gate.
 16265 | Lair:3   | Noticed Lonelite's ghost (journeyman DECj)
 16823 | Lair:4   | Found a blossoming altar of Fedhas.
 17758 | Lair:4   | Found a hole to the Spider Nest.
 18570 | Lair:5   | Received a gift from Trog
 18573 | Lair:5   | Slain by an elephant

Illustrated notes

Levels and vault maps discovered:
D:1:      dpeg_arrival_tiny_f, layout_loops_corners, basic_ecumenical_altar
D:2:      layout_basic, hangedman_decor_points, hangedman_abyss_or_decor_stabs,
          grunt_decor_arrowhead
D:3:      layout_basic, uniq_ijyb, uniq_jessica, uniq_robin, uniq_terence
D:4:      minmay_wonky_spiral, layout_loops_ring
D:5:      layout_basic, corexii_checkpoint_a, kennysheep_opposing_triangles,
          uniq_sigmund, uniq_crazy_yiuf_cottage
D:6:      layout_gridville, uniq_edmund, uniq_blork_the_orc, uniq_pikel,
          uniq_maggie
D:7:      layout_loops_corners, minmay_temple_entry_steel_oval
D:8:      layout_cave_pools, serial_glass, glass_columns_a, glass_columns_b,
          uniq_maurice
D:9:      layout_gridville, enter_bailey_3, hellmonk_ghost_happy_afterlife,
          uniq_prince_ribbit1
D:10:     layout_basic, nicolae_overflow_hidden_temple, lair_entry_dummy,
          chequers_decorated_corner, kennysheep_pointless_box,
          serial_park_tiny_2
D:11:     layout_long_grid, erik_orc_2
D:12:     layout_loops_corners
Lair:1:   layout_misc_corridors, grunt_megastairs_5, lemuel_fruit_tree
Lair:2:   layout_misc_corridors, minmay_swamp_entry_worms, grunt_megastairs_1
Lair:3:   layout_misc_corridors, gammafunk_ghost_cemetery, grunt_megastairs_4
Lair:4:   layout_long_grid, dummy_spider_entry, hangedman_tree_tricks,
          minmay_lair_oklob_items, grunt_megastairs_2, serial_bayou_shore_b,
          serial_bayou_shore_a
Lair:5:   layout_roguey, minmay_slime_entry_oklob_enclosed,
          portal_ice_cave_entry_animals_and_master, grunt_megastairs_3

Skill      XL: |  1  2  3  4  5  6  7  8  9 10 11 12 13 |
---------------+----------------------------------------+-----
Invocations    | 1 2 3 4 5 6 7 8 9 |  9.4
Short Blades   | 1 2 3 4 5 6 7 8 |  8.6
Long Blades    | 1 2 3 4 5 6 7 8 |  8.6
Maces & Flails | 1 2 3 4 5 6 7 8 |  8.6
Polearms       | 1 2 3 4 5 6 7 8 |  8.6
Staves         | 1 2 3 4 5 6 7 8 |  8.6
Slings         | 1 2 3 4 5 6 7 8 |  8.6
Bows           | 1 2 3 4 5 6 7 8 |  8.6
Crossbows      | 1 2 3 4 5 6 7 8 |  8.6
Throwing       | 1 2 3 4 5 6 7 8 |  8.6
Stealth        | 1 2 3 4 5 6 7 8 |  8.6
Shields        | 1 2 3 4 5 6 7 8 |  8.6
Unarmed Combat | 1 2 3 4 5 6 7 8 |  8.6
Spellcasting   | 1 2 3 4 5 6 7 8 |  8.6
Evocations     | 1 2 3 4 5 6 7 8 |  8.6
Conjurations   | 1 2 3 4 5 6 7 |  7.2
Hexes          | 1 2 3 4 5 6 7 |  7.2
Summonings     | 1 2 3 4 5 6 7 |  7.2
Necromancy     | 1 2 3 4 5 6 7 |  7.2
Translocations | 1 2 3 4 5 6 7 |  7.2
Transmutations | 1 2 3 4 5 6 7 |  7.2
Fire Magic     | 1 2 3 4 5 6 7 |  7.2
Ice Magic      | 1 2 3 4 5 6 7 |  7.2
Air Magic      | 1 2 3 4 5 6 7 |  7.2
Earth Magic    | 1 2 3 4 5 6 7 |  7.2
Poison Magic   | 1 2 3 4 5 6 7 |  7.2
Armour         | 5 6 7 8 9 |  9.8
Dodging        | 5 6 7 8 9 |  9.8
Fighting       | 7 8 9 10 | 10.7
Axes           | 7 8 9 10 | 10.7

Action                   |  1- 3 |  4- 6 |  7- 9 | 10-12 | 13-15 || total
-------------------------+-------+-------+-------+-------+-------++-------
Melee: Hand axe          |    38 |       |       |       |       ||    38
       Bite              |     4 |    14 |    47 |   110 |    69 ||   244
       War axe           |    45 |    64 |       |       |       ||   109
       Flail             |       |    62 |    71 |       |       ||   133
       Trident           |       |       |    29 |       |       ||    29
       Punch             |       |       |     1 |       |       ||     1
       Knife             |       |       |   190 |   717 |   250 ||  1157
       Spear             |       |       |    49 |     7 |       ||    56
       Unarmed           |       |       |     4 |       |       ||     4
       Broad axe         |       |       |       |    69 |   119 ||   188
Throw: Dart              |       |       |       |       |     4 ||     4
Invok: Berserk           |       |     4 |    15 |    27 |    12 ||    58
       Trog's Hand       |       |       |       |     1 |       ||     1
       Brothers in Arms  |       |       |       |       |     2 ||     2
Evoke: Wand              |       |       |       |     5 |       ||     5
  Use: Scroll            |       |       |     5 |    12 |     2 ||    19
       Potion            |       |       |       |     2 |     2 ||     4
 Stab: Sleeping          |     3 |       |    14 |    23 |    17 ||    57
       Invisible         |       |       |       |       |     1 ||     1
Armor: Animal skin       |     6 |       |       |       |       ||     6
       Ring mail         |    11 |    25 |       |       |       ||    36
       Leather armour    |     5 |    26 |    72 |    42 |       ||   145
       Troll leather arm |       |       |       |   119 |    76 ||   195
Dodge: Dodged            |    47 |    73 |   207 |   498 |   223 ||  1048
Block: Kite shield       |       |       |   104 |   393 |   180 ||   677

Table legend: (Time is in decaauts)
 A = Elapsed time spent in this place.
 B = Non-inter-level travel time spent in this place.
 C = Inter-level travel time spent in this place.
 D = Time resting spent in this place.
 E = Time spent auto-exploring this place.
 F = Levels seen in this place.
 G = Mean time per level.
                   A        B        C        D        E       F      G
               +--------+--------+--------+--------+--------+-----+--------+
         Total |  19006 |  18305 |    701 |   6091 |   9041 |  18 | 1055.9 |
       Dungeon |  14293 |  13693 |    600 |   4548 |   6966 |  12 | 1191.1 |
          Lair |   4707 |   4606 |    101 |   1543 |   2074 |   5 |  941.4 |
        Bailey |      4 |      4 |      0 |      0 |      0 |   1 |    4.0 |
               +--------+--------+--------+--------+--------+-----+--------+

Top non-repeatable levels by time:
     D:6: 2018 daAuts
  Lair:4: 1741 daAuts
     D:9: 1592 daAuts
     D:4: 1566 daAuts
     D:5: 1520 daAuts
     D:3: 1519 daAuts
     D:7: 1357 daAuts
     D:1: 1116 daAuts
  Lair:3: 1093 daAuts
    D:10: 922 daAuts
  Lair:2: 894 daAuts
  Lair:1: 890 daAuts
    D:12: 775 daAuts
     D:2: 745 daAuts
    D:11: 690 daAuts
